 Dungeon Crawl Stone Soup version 0.19.0-23-gf02e663 (webtiles) character file.

68 Rrauwl the Insei (level 4, 0/40 HPs)
             Began as a Draconian Monk on Nov 19, 2016.
             Succumbed to Robin's poison
             ... on level 2 of the Dungeon.
             The game lasted 00:12:28 (1168 turns).

Rrauwl the Insei (Draconian Monk)                   Turns: 1168, Time: 00:12:29

Health: 0/40       AC: 12    Str: 10 (13) XL:     4   Next: 1%
Magic:  4/4        EV: 26    Int: 12      God:
Gold:   90         SH:  0    Dex: 20 (22) Spells: 0 memorised, 3 levels left

rFire  . . .     SeeInvis .       - Unarmed
rCold  . . .     Gourm    .     (armour unavailable)
rNeg   + + +     Faith    .     (shield currently unavailable)
rPois  +         Spirit   .     (helmet restricted)
rElec  .         Reflect  .     (cloak currently unavailable)
rCorr  .         Harm     .     (gloves currently unavailable)
MR     .....                    (boots currently unavailable)
Stlth  +++.......               (no amulet)
                                (no ring)
                                j - +4 ring of dexterity

@: agile, lethally poisoned (0 -> -1), fungus-form
A: unfitting armour, blurry vision 1, (fire resistance 0), wild magic 1,
(cold-blooded), AC +5
a: no special abilities


You were on level 2 of the Dungeon.
You were not hungry.
You were a sentient fungus.
You visited 1 branch of the dungeon, and saw 2 of its levels.

You collected 90 gold pieces.

Inventory:

Hand Weapons
 f - a +1 dagger of venom
Missiles
 b - 54 stones (quivered)
 e - 21 arrows
Jewellery
 j - a +4 ring of dexterity (left hypha)
Wands
 i - a wand of polymorph (8/24)
Scrolls
 d - 2 scrolls of recharging
 h - a scroll of remove curse
 l - a scroll of enchant weapon
Comestibles
 a - a bread ration
 c - 4 chunks of flesh
 k - 4 fruits
 m - a royal jelly


   Skills:
 + Level 3.8 Fighting
 + Level 3.2 Dodging
 - Level 1.7 Stealth
 + Level 4.1 Unarmed Combat


You had 3 spell levels left.
You didn't know any spells.

Dungeon Overview and Level Annotations

Branches:
Dungeon (2/15)

Altars:


Innate Abilities, Weirdness & Mutations

((Your plain brown scales are hard. (AC +5)))
You cannot fit into any form of body armour.
((You are cold-blooded and may be slowed by cold attacks.))
Scrolls take you a little longer to read.
((Your flesh is heat resistant. (rF+)))
Your spells are a little harder to cast, but a little more powerful.


Message History

You feel sick.
Things that are here:
a dagger x2; a goblin corpse
* * * LOW HITPOINT WARNING * * *
You feel sick.
Items here: )))) ††
* * * LOW HITPOINT WARNING * * *
You feel sick.
The goblin shouts!
You're too terrified to move while being watched!
* * * LOW HITPOINT WARNING * * *
You feel sick. The goblin barely misses you.
The goblin hits you but does no damage.
You barely miss the goblin. The goblin closely misses you.
You release spores at the goblin!
You kill the goblin!
You have reached level 4!
You feel clever.
You die...

#.## #..# ##.## #))#
#######.# #.....#)##
######.....#..########
#...##.....##.........
+...''.....)f.........
#...##g....###.#######
#...##.....# #.......?
.# #g.gg#.....#
#..###### #.#
##...#########..## #.#


#ggg# #.......# #.# #ggg# ###'####..# ##.### #.gg# #.....##...# #.....
#......#.#.# ###..### You could see a goblin.

Vanquished Creatures
  Robin (D:2)
  An ooze (D:1)
  A worm (D:2)
  4 leopard geckos
  A giant cockroach (D:1)
  15 goblins
  5 hobgoblins
  6 bats
  3 frilled lizards (D:1)
  2 kobolds (D:1)
  4 rats (D:1)
43 creatures vanquished.

Notes
Turn   | Place    | Note
-------+----------+-------------------------------------------
     0 | D:1      | Rrauwl the Draconian Monk began the quest for the Orb.
     0 | D:1      | Reached XP level 1. HP: 19/19 MP: 1/1
   217 | D:1      | Gained mutation: Your flesh is heat resistant. (rF+) [potion of mutation]
   217 | D:1      | Gained mutation: Your spells are a little harder to cast, but a little more powerful. [potion of mutation]
   217 | D:1      | Gained mutation: Scrolls take you a little longer to read. [potion of mutation]
   238 | D:1      | Reached XP level 2. HP: 26/26 MP: 2/2
   623 | D:1      | Reached XP level 3. HP: 33/33 MP: 3/3
  1018 | D:2      | Noticed Robin
  1110 | D:2      | Reached skill level 4 in Unarmed Combat
  1139 | D:2      | Killed Robin
  1160 | D:2      | HP: 1/33 [poisoned by Robin]
  1168 | D:2      | Reached XP level 4. HP: 1/40 MP: 4/4
  1168 | D:2      | Succumbed to Robin's poison

Skill      XL: |  1  2  3 |
---------------+----------+-----
Dodging        | 3 |  3.2
Unarmed Combat | 4 |  4.1
Fighting       | |  3.8
Stealth        | |  1.7

Action                   |  1- 3 |  4- 6 || total
-------------------------+-------+-------++-------
Melee: Unarmed           |   148 |       ||   148
       Tailslap          |    16 |       ||    16
       Punch             |     2 |       ||     2
Evoke: Wand              |     1 |       ||     1
  Use: Scroll            |    10 |       ||    10
       Potion            |     7 |       ||     7
 Stab: Sleeping          |     7 |       ||     7
  Eat: Beef jerky        |     1 |       ||     1
Armor: Skin              |    28 |       ||    28
Dodge: Dodged            |    73 |       ||    73
